 Dungeon Crawl Stone Soup version 0.31-a0-210-gccc998df9b (webtiles) character file.

Game seed: 12370049542157438428

653 testman the Conjurer (level 7, -1/41 HPs)
             Began as a Demonspawn Venom Mage on June 29, 2023.
             Was a Follower of Hepliaklqana.
             Slain by an orc wizard
             ... wielding a +0 dagger
              (4 damage)
             ... on level 5 of the Dungeon.
             The game lasted 00:16:14 (3677 turns).

testman the Conjurer (Demonspawn Venom Mage)        Turns: 3677, Time: 00:16:15

Health: -1/41      AC:  2    Str:  8    XL:     7   Next: 29%
Magic:  3/10       EV: 16    Int: 19    God:    Hepliaklqana [*.....]
Gold:   198        SH:  4    Dex: 13    Spells: 4/10 levels left

rFire   . . .        m - +2 short sword (elec)
rCold   . . .        F - +0 buckler
rNeg    . . .        a - +0 robe
rPois   .            (no helmet)
rElec   .            (no cloak)
rCorr   .            (no gloves)
SInv    .            (no boots)
Will    .....        d - amulet of regeneration
Stlth   ++           e - +5 ring of evasion
HPRegen 1.06/turn    (no ring)
MPRegen 0.12/turn

%: no passive effects
@: no status effects
A: reduced essence, hooves 1, demonic guardian 2, powered by pain 1
a: Renounce Religion, Recall Ancestor, Ancestor Identity


You were on level 5 of the Dungeon.
You worshipped Hepliaklqana.
Hepliaklqana was aware of your devotion.
You visited 2 branches of the dungeon, and saw 6 of its levels.

You collected 198 gold pieces.

Inventory:

Hand Weapons
 g - a +1 dagger of protection
 m - a +2 short sword of electrocution (weapon)
Armour
 a - a +0 robe (worn)
 s - the +0 leather armour "Apseest" {Harm rElec rPois Str-4}
   (You found it on level 3 of the Dungeon)

   Str:       It affects your strength (-4).
   rElec:     It insulates you from electricity.
   rPois:     It protects you from poison.
   Harm:      It increases damage dealt and taken.
 v - a +0 pair of gloves
 F - a +0 buckler (worn)
Jewellery
 d - an amulet of regeneration (around neck)
 e - a +5 ring of evasion (left hand)
 i - a +6 ring of dexterity
 l - an amulet of the acrobat
 A - an amulet of faith
Wands
 p - a wand of charming (6)
 B - a wand of flame (23)
 C - a wand of mindburst (19)
Scrolls
 c - a scroll of enchant armour {unknown}
 f - 5 scrolls of identify {unknown}
 h - a scroll of amnesia {unknown}
 k - a scroll of vulnerability {unknown}
 n - a scroll of torment {unknown}
 o - 2 scrolls of poison {unknown}
 q - 3 scrolls of teleportation {unknown}
 r - a scroll of fog {unknown}
 t - 2 scrolls of fear {unknown}
 w - a scroll of revelation {unknown}
 y - a scroll of noise {unknown}
 E - a scroll of blinking {unknown}
Potions
 b - a potion of magic
 j - a potion of might
 u - 2 potions of curing {unknown}
 x - 3 potions of enlightenment {unknown}
 z - a potion of lignification {unknown}
 D - a potion of heal wounds {unknown}
 G - a potion of haste {unknown}


   Skills:
 - Level 1.7 Dodging
 - Level 1.7 Stealth
 + Level 1.2 Shields
 - Level 2.0 Spellcasting
 - Level 6.5 Conjurations
 - Level 1.0 Transmutations
 - Level 3.0 Air Magic
 + Level 3.4 Poison Magic


You had 4 spell levels left.
You knew the following spells:

 Your Spells              Type           Power      Damage    Failure   Level
a - Sting                 Tmut/Pois      40%        1d5       11%         1
b - Poisonous Vapours     Pois/Air       28%        N/A       11%         2
c - Mephitic Cloud        Conj/Pois/Air  18%        N/A       14%         3

Your spell library contained the following spells:

 Spells                   Type           Power      Damage    Failure   Level
 Summon Small Mammal      Summ           4%         N/A       26%         1
 Olgreb's Toxic Radiance  Pois           14%        N/A       54%         4
 Flame Wave               Conj/Fire      14%        2d6       56%         4
 Sticky Flame             Conj/Fire      14%        2d4       56%         4
 Call Canine Familiar     Summ           1%         N/A       61%         3
 Inner Flame              Hex/Fire       1%         N/A       61%         3
 Summon Guardian Golem    Hex/Summ       1%         N/A       61%         3


Dungeon Overview and Level Annotations

Branches:
Dungeon (5/15)             Temple (1/1) D:4

Altars:
Ashenzari
Cheibriados
Dithmenos
Fedhas
Gozag
Hepliaklqana
Kikubaaqudgha
Makhleb
Nemelex Xobeh
Okawaru
Qazlal
Ru
Sif Muna
Uskayaw
Vehumet
Wu Jian
Xom
Yredelemnul


Innate Abilities, Weirdness & Mutations

Your life essence is reduced to manifest your ancestor. (-10% HP)
You have large cloven feet.
A demonic guardian rushes to your aid.
You sometimes gain a little power by taking damage.


Message History

The orc hits you but does no damage. You block the orc's attack.
Something hits you. The orc closely misses you. The orc completely misses you.
Njabulo hits the orc.
Your Shields skill increases to level 1!
You hit the orc. Lightning courses through the orc!!
You kill the orc!
Something hits you.
Njabulo hits the orc.
The orc dies!
You block the orc's attack.
You hit the orc but do no damage. You kick the orc, but do no damage.
You hear some strange, mumbled words.
A puff of flame appears from out of thin air!
The puff of flame hits you.
* * * LOW HITPOINT WARNING * * *
A demonic guardian appears!
Njabulo closely misses something.
The orc hits you but does no damage.
You barely miss the orc.
Njabulo hits something.
You hear some strange, mumbled words.
A magic dart appears from out of thin air!
The magic dart hits you!
* * * LOW HITPOINT WARNING * * *
The orc completely misses you.
Your rust devil hits the orc.
Your rust devil corrodes the orc!
You hit the orc.
The orc is severely wounded.
Njabulo hits something.
You hear some strange, mumbled words.
Njabulo appears confused.
The orc misses you.
Your rust devil hits the orc!
The orc dies!
You barely miss something. Your kick misses something. Something hits you.
* * * LOW HITPOINT WARNING * * *
You closely miss something. You kick something. Something barely misses you.
Your magical contamination has completely faded away.
Unknown command.
You miss something. Your kick misses something. Something hits you.
* * * LOW HITPOINT WARNING * * *
Njabulo barely misses something.
You barely miss something. Something hits you.
You die...

#....[.......##.##.##
§..≈≈≈#
#.............#.####
≈§..≈≈§≈
#..........†..#.#
≈§≈..≈§≈§
#.###...###...#
≈≈≈≈..≈≈§§ #...#
#...# ≈≈≈≈≈..§§§§
.###...###...#
≈≈≈≈≈≈.§§§≈≈
#.............##
###...#........#
###..)....4@)#
####.)).{).#
#...R)..# #.......#
###.###.# #.# .# #.#
.. #.# ### #.


You could see the friendly Njabulo the ancestor (confused) and a friendly rust
devil (summoned).

Vanquished Creatures
  3 scorpions
  A gnoll bouda (D:4)
  2 orc priests
  3 hounds
  5 gnolls
  5 adders
  A worm (D:4)
  3 dart slugs
  10 orcs
  4 endoplasms
  A giant cockroach (D:1)
  9 goblins
  3 hobgoblins
  5 jackals
  7 kobolds
  2 quokkas
  8 ball pythons
  2 bats
  7 frilled lizards
  25 rats
106 creatures vanquished.

Vanquished Creatures (collateral kills)
  2 jellies (D:5)
  2 gnolls
  An adder (D:5)
  An ufetubus (D:5)
  A dart slug (D:4)
  3 orcs (D:5)
10 creatures vanquished.

Grand Total: 116 creatures vanquished

Notes
Turn   | Place    | Note
-------+----------+-------------------------------------------
     0 | D:1      | testman the Demonspawn Venom Mage began the quest for the
                  | Orb.
     0 | D:1      | Reached XP level 1. HP: 13/13 MP: 3/3
    56 | D:1      | Reached skill level 1 in Transmutations
   138 | D:1      | Reached skill level 1 in Air Magic
   301 | D:1      | Gained mutation: A weak demonic guardian rushes to your
                  | aid. [demonic ancestry]
   301 | D:1      | Reached XP level 2. HP: 19/19 MP: 1/5
   641 | D:1      | Learned a level 2 spell: Poisonous Vapours
   726 | D:1      | Gained mutation: You sometimes gain a little power by
                  | taking damage. [demonic ancestry]
   726 | D:1      | Reached XP level 3. HP: 24/24 MP: 4/6
   974 | D:2      | Learned a level 3 spell: Mephitic Cloud
  1175 | D:2      | Reached skill level 1 in Conjurations
  1346 | D:2      | Reached XP level 4. HP: 30/30 MP: 7/7
  1822 | D:3      | Reached skill level 2 in Conjurations
  2053 | D:3      | Reached skill level 3 in Conjurations
  2282 | D:3      | Gained mutation: You have large cloven feet. [demonic
                  | ancestry]
  2282 | D:3      | Reached XP level 5. HP: 34/35 MP: 5/8
  2485 | D:3      | Identified the +0 leather armour "Apseest" {Harm rElec
                  | rPois Str-4}
  2526 | D:4      | Found a hazy altar of Hepliaklqana.
  2538 | D:4      | Became a worshipper of Hepliaklqana the Forgotten
  2559 | D:4      | Found a stormy altar of Qazlal.
  2587 | D:4      | Reached skill level 4 in Conjurations
  2718 | D:4      | Found a shadowy altar of Dithmenos.
  2845 | D:4      | Gained mutation: A demonic guardian rushes to your aid.
                  | [demonic ancestry]
  2845 | D:4      | Reached XP level 6. HP: 38/41 MP: 9/9
  2876 | D:4      | Reached skill level 5 in Conjurations
  3011 | D:4      | Found a staircase to the Ecumenical Temple.
  3033 | Temple   | Entered the Ecumenical Temple
  3279 | D:5      | Entered Level 5 of the Dungeon
  3291 | D:5      | Reached * piety under Hepliaklqana
  3341 | D:5      | Reached skill level 6 in Conjurations
  3381 | D:5      | Reached XP level 7. HP: 41/41 MP: 7/10
  3465 | D:5      | Found a sparkling altar of Nemelex Xobeh.
  3670 | D:5      | Reached skill level 1 in Shields
  3672 | D:5      | HP: 2/41 [something/magic dart (11)]
  3677 | D:5      | Slain by an orc wizard

Illustrated notes

Levels and vault maps discovered:
D:1:      scummos_arrival_gate, layout_basic
D:2:      layout_rooms, hangedman_feature_mirror, minmay_rat_hole
D:3:      layout_basic
D:4:      layout_rooms, mainiacjoe_overflow_brackets, old_standard_altar,
          overflow_temple_1_default, temple_statues, due_unseen_surprise
D:5:      kennysheep_big_flooded_room, layout_rooms, nemelex_spade_bored_becter,
          minmay_misc_feat_cross
Temple:   nicolae_temple_bog_church

Skill      XL: |  1  2  3  4  5  6  7 |
---------------+----------------------+-----
Transmutations | 1 |  1.0
Air Magic      | 1 2 3 |  3.0
Conjurations   | 1 3 4 6 |  6.5
Shields        | 1 |  1.2
Dodging        | |  1.7
Stealth        | |  1.7
Spellcasting   | |  2.0
Poison Magic   | |  3.4

Action                     |  1- 3 |  4- 6 |  7- 9 || total
---------------------------+-------+-------+-------++-------
  Melee: Unarmed           |     5 |       |       ||     5
         Dagger            |    49 |    40 |       ||    89
         Short sword       |       |   101 |    25 ||   126
         Punch             |       |     2 |       ||     2
         Kick              |       |    17 |     3 ||    20
   Cast: Sting             |    45 |    37 |     5 ||    87
         Poisonous Vapours |     1 |    12 |     1 ||    14
         Mephitic Cloud    |       |     4 |     2 ||     6
    Use: Potion            |       |     1 |       ||     1
   Stab: Sleeping          |     4 |     2 |       ||     6
         Confused          |       |     1 |       ||     1
 Armour: Robe              |    10 |    16 |     7 ||    33
  Dodge: Dodged            |    42 |   119 |    22 ||   183
  Block: Buckler           |       |       |     5 ||     5

Table legend: (Time is in decaauts)
 A = Elapsed time spent in this place.
 B = Non-inter-level travel time spent in this place.
 C = Inter-level travel time spent in this place.
 D = Time resting spent in this place.
 E = Time spent auto-exploring this place.
 F = Levels seen in this place.
 G = Mean time per level.
                   A        B        C        D        E       F      G
               +--------+--------+--------+--------+--------+-----+--------+
         Total |   3685 |   3606 |     79 |    154 |   2729 |   6 |  614.2 |
       Dungeon |   3476 |   3403 |     73 |    154 |   2540 |   5 |  695.2 |
        Temple |    209 |    203 |      6 |      0 |    189 |   1 |  209.0 |
               +--------+--------+--------+--------+--------+-----+--------+

Top non-repeatable levels by time:
     D:1: 901 daAuts
     D:3: 851 daAuts
     D:2: 744 daAuts
     D:4: 579 daAuts
     D:5: 399 daAuts
  Temple: 209 daAuts
